 Dungeon Crawl Stone Soup version 0.27.0-1-g7a089689b8 (webtiles) character file.

Game seed: 7721149503079649178

74 kalagan the Conjurer (level 4, 2/24 HPs)
             Began as a Deep Elf Conjurer on Aug 15, 2021.
             Quit the game on level 2 of the Dungeon.
             The game lasted 00:06:26 (1908 turns).

kalagan the Conjurer (Deep Elf Conjurer)            Turns: 1908, Time: 00:06:27

Health: 2/24       AC:  6    Str:  5    XL:     4   Next: 10%
Magic:  12/12      EV: 12    Int: 23    God:
Gold:   34         SH:  0    Dex: 13    Spells: 1/11 levels left

rFire    . . .     SeeInvis .   i - +0 dagger (holy)
rCold    . . .     Faith    .   (no shield)
rNeg     . . .     Spirit   .   g - +2 animal skin
rPois    .         Reflect  .   h - +0 helmet
rElec    .         Harm     .   (no cloak)
rCorr    .         Rampage  .   (no gloves)
Will     .....                  d - +0 pair of boots
Stlth    ++........             (no amulet)
HPRegen  0.08/turn              (no ring)
MPRegen  0.13/turn              (no ring)

@: lethally poisoned (2 -> -13)
A: no striking features
a: no special abilities


You were on level 2 of the Dungeon.
You visited 1 branch of the dungeon, and saw 2 of its levels.

You collected 34 gold pieces.

Inventory:

Hand Weapons
 c - a +0 dagger
 i - a +0 dagger of holy wrath (weapon)
Armour
 d - a +0 pair of boots (worn)
 g - a +2 animal skin (worn)
 h - a +0 helmet (worn)
Scrolls
 e - a scroll of torment {unknown}
 f - a scroll of blinking {unknown}


   Skills:
 + Level 2.9 Dodging
 + Level 3.3 Stealth
 * Level 4.1 Spellcasting
 * Level 5.0 Conjurations
 * Level 1.2 Hexes


You had one spell level left.
You knew the following spells:

 Your Spells              Type           Power      Damage    Failure   Level
a - Magic Dart            Conj           100%       1d8       1%          1
b - Searing Ray           Conj           54%        3d5       1%          2
c - Dazzling Flash        Conj/Hex       38%        N/A       9%          3
d - Fulminant Prism       Conj/Hex       9%         3d7       28%         4

Your spell library contained the following spells:

 Spells                   Type           Power      Damage    Failure   Level
 Summon Small Mammal      Summ           16%        N/A       11%         1
 Summon Guardian Golem    Hex/Summ       7%         N/A       24%         3
 Call Canine Familiar     Summ           4%         N/A       30%         3
 Iskenderun's Mystic Bla  Conj/Tloc      16%        2d5       36%         4


Dungeon Overview and Level Annotations

Branches:
Dungeon (2/15)

Altars:

Annotations:
D:2 Sigmund


Message History

You are more poisoned.
Unknown command.
You feel much better.
You feel very sick. Something hits you.
You are more poisoned.
Unknown command.
Unknown command.
Unknown command.
You feel less confused.
* * * LOW HITPOINT WARNING * * *
You feel extremely sick.
You feel much better.
You feel very sick. Something hits you but does no damage.
You are more poisoned.
Unknown command.
You feel extremely sick.
Unknown command.
* * * LOW HITPOINT WARNING * * *
You feel very sick.
You feel much better.
You feel very sick. Something hits you!
Unknown command.
You feel much better.
You feel very sick. Something hits you!
You are more poisoned.
Unknown command.
* * * LOW HITPOINT WARNING * * *
You feel very sick.
You aren't carrying any potions.
Unknown command.
Unknown command.
* * * LOW HITPOINT WARNING * * *
You feel very sick.
Are you sure you want to abandon this character and quit the game? (Confirm with "yes".)
Okay, then.
Are you sure you want to abandon this character and quit the game? (Confirm with "yes".)

..... #..........##....#.....
...... #####>.######...#####..
.....## #..## ###...######.
......## #.######............
.......##### #........#......####
...........# ######..............
......####.## ####....##.##.####
......####..####.....####.....###
....).....#...{.@#..## ###...).#
....#.....##.##..#.## ##..#.#
#####...).#..###...## ##.<..
#...............#########....
#.....#########.........##...
#.....# #########...... #.....#
####... #.....# #... #...


There were no monsters in sight!

Vanquished Creatures
  Robin (D:2)
  An adder (D:2)
  A dart slug (D:1)
  3 bats (D:1)
  5 endoplasms
  4 giant cockroaches (D:1)
  7 hobgoblins
  A ball python (D:2)
  5 frilled lizards
  15 goblins
  2 kobolds
  A rat (D:1)
46 creatures vanquished.

Vanquished Creatures (others)
  4 plants (D:2)
4 creatures vanquished.

Grand Total: 50 creatures vanquished

Notes
Turn   | Place    | Note
-------+----------+-------------------------------------------
     0 | D:1      | kalagan the Deep Elf Conjurer began the quest for the Orb.
     0 | D:1      | Reached XP level 1. HP: 10/10 MP: 6/6
   335 | D:1      | Reached XP level 2. HP: 15/15 MP: 5/8
   338 | D:1      | Learned a level 2 spell: Searing Ray
   896 | D:1      | Reached XP level 3. HP: 19/19 MP: 8/10
   900 | D:1      | Learned a level 3 spell: Dazzling Flash
   998 | D:1      | Found a faded altar of an unknown god.
  1092 | D:2      | Noticed Sigmund
  1470 | D:2      | Noticed Robin
  1512 | D:2      | Killed Robin
  1765 | D:2      | Reached skill level 5 in Conjurations
  1765 | D:2      | Reached skill level 1 in Hexes
  1765 | D:2      | Reached XP level 4. HP: 24/24 MP: 8/12
  1838 | D:2      | Learned a level 4 spell: Fulminant Prism
  1908 | D:2      | Quit the game

Illustrated notes

Levels and vault maps discovered:
D:1:      evilmike_arrival_plus, layout_rooms,
          dreamdust_ecumenical_altar_angels_and_demons
D:2:      cheibrodos_old_hovel, layout_rooms, minmay_misc_feat_alley,
          uniq_sigmund, uniq_robin

Skill      XL: |  1  2  3 |
---------------+----------+-----
Stealth        | 3 |  3.3
Spellcasting   | 4 |  4.1
Conjurations   | 5 |  5.0
Hexes          | 1 |  1.2
Dodging        | |  2.9

Action                   |  1- 3 |  4- 6 || total
-------------------------+-------+-------++-------
Melee: Dagger            |     4 |       ||     4
 Cast: Magic Dart        |    72 |     7 ||    79
       Searing Ray       |     5 |       ||     5
  Use: Potion            |       |     5 ||     5
Armor: Robe              |     7 |       ||     7
       Animal skin       |     4 |     1 ||     5
Dodge: Dodged            |    14 |       ||    14
